 Dungeon Crawl Stone Soup version 0.29.1-12-g30fa7ad0bf (webtiles) character file.

Game seed: 13118428927118204547

630 wormed the Ducker (level 7, -3/60 HPs)
             Began as a Gnoll Monk on Dec 28, 2022.
             Was a Believer of Okawaru.
             Slain by a scorpion (8 damage)
             ... on level 6 of the Dungeon.
             The game lasted 00:08:02 (5519 turns).

wormed the Ducker (Gnoll Monk)                      Turns: 5519, Time: 00:08:03

Health: -3/60      AC:  3    Str: 11    XL:     7   Next: 48%
Magic:  10/10      EV: 14    Int:  9    God:    Okawaru [**....]
Gold:   224        SH: 10    Dex: 16    Spells: 11/11 levels left

rFire   . . .      SeeInvis .   v - +4 dagger (speed)
rCold   + . .      Faith    .   u - +0 buckler
rNeg    . . .      Spirit   .   e - +0 leather armour
rPois   .          Reflect  +   (no helmet)
rElec   .          Harm     +   r - scarf {harm}
rCorr   .          Rampage  .   (no gloves)
Will    +....                   (no boots)
Stlth   +++.......              h - amulet of reflection
HPRegen 0.20/turn               j - ring of protection from cold
MPRegen 0.12/turn               s - ring of willpower

@: no status effects
A: fangs 1, strong nose, distributed training
a: Renounce Religion, Heroism


You were on level 6 of the Dungeon.
You worshipped Okawaru.
Okawaru was pleased with you.
You visited 2 branches of the dungeon, and saw 7 of its levels.

You collected 224 gold pieces.

Inventory:

Hand Weapons
 v - a +4 dagger of speed (weapon)
Missiles
 t - 11 poisoned darts (quivered)
Armour
 e - a +0 leather armour (worn)
 r - a scarf of harm (worn)
 u - a +0 buckler (worn)
Magical Staves
 a - a staff of death
Jewellery
 h - an amulet of reflection (around neck)
 j - a ring of protection from cold (left hand)
 s - a ring of willpower (right hand)
Wands
 q - a wand of polymorph (5)
 x - a wand of iceblast (11)
 A - a wand of flame (30)
Scrolls
 d - 2 scrolls of magic mapping {unknown}
 f - a scroll of summoning {unknown}
 g - 2 scrolls of teleportation {unknown}
 l - a scroll of amnesia {unknown}
 m - 3 scrolls of identify {unknown}
 p - a scroll of blinking {unknown}
 w - a scroll of silence {unknown}
 y - a scroll of enchant weapon {unknown}
 z - a scroll of noise {unknown}
 B - a scroll of fog {unknown}
Potions
 b - a potion of might {unknown}
 c - a potion of ambrosia
 i - 3 potions of curing {unknown}
 k - 3 potions of flight {unknown}
 n - 3 potions of mutation {unknown}
 o - 2 potions of lignification {unknown}


   Skills:
 + Level 7.1 Fighting
 + Level 2.6 Short Blades
 + Level 7.1 Long Blades
 + Level 2.6 Axes
 + Level 2.6 Maces & Flails
 + Level 2.6 Polearms
 + Level 2.6 Staves
 + Level 2.6 Ranged Weapons
 + Level 2.6 Throwing
 + Level 2.6 Armour
 + Level 7.1 Dodging
 + Level 5.0 Stealth
 + Level 2.6 Shields
 + Level 2.6 Unarmed Combat
 + Level 2.6 Spellcasting
 + Level 2.1 Conjurations
 + Level 2.1 Hexes
 + Level 2.1 Summonings
 + Level 2.1 Necromancy
 + Level 2.1 Translocations
 + Level 2.1 Transmutations
 + Level 2.1 Fire Magic
 + Level 2.1 Ice Magic
 + Level 2.1 Air Magic
 + Level 2.1 Earth Magic
 + Level 2.1 Poison Magic
 + Level 2.9 Invocations
 + Level 2.6 Evocations


You had 11 spell levels left.
You didn't know any spells.
Your spell library contained the following spells:

 Spells                   Type           Power      Damage    Failure   Level
 Sublimation of Blood     Necr           5%         N/A       34%         2
 Wereblood                Tmut           5%         N/A       34%         2
 Ignite Poison            Fire/Tmut/Pois 5%         N/A       56%         3
 Mephitic Cloud           Conj/Pois/Air  5%         N/A       56%         3
 Freezing Cloud           Conj/Ice/Air   2%         6-21      99%         5
 Summon Hydra             Summ           Unusable   N/A       N/A         7

Dungeon Overview and Level Annotations

Branches:
Dungeon (6/15)             Temple (1/1) D:6

Altars:
Ashenzari
Cheibriados
Elyvilon
Fedhas
Gozag
Hepliaklqana
Kikubaaqudgha
Makhleb
Nemelex Xobeh
Okawaru
Ru
Wu Jian
Xom
Yredelemnul
The Shining One

Shops:
D:3 [

Annotations:
D:3 3 runed translucent doors, wormed's ghost, amateur GnWn
D:5 Eustachio
D:6 Pikel


Innate Abilities, Weirdness & Mutations

You have very sharp teeth.
Your uncanny sense of smell can sniff out nearby items.
Your experience applies equally to all skills.


Message History

The orc wizard casts a spell at you. The puff of flame hits you!
The orc wizard points at you and mumbles some strange words.
The puff of flame hits you!
The orc priest casts a cantrip, but nothing happens.
The orc wizard gestures wildly while chanting.
The orc wizard flickers and vanishes!
Deactivating autopickup; reactivate with Ctrl-A.
The orc priest looks encouraged for a moment.
The orc wizard mumbles some strange words.
The orc wizard flickers and vanishes!
You block the iguana's attack. The ice beast completely misses you.
The ice beast attacks as you move away! The ice beast hits you.
The ice beast freezes you. You resist. The scorpion stings you.
The ice beast attacks as you move away!
The ice beast hits you but does no damage.
The scorpion attacks as you move away! The scorpion misses you.
A necrophage comes into view.
Found a robe.
The scorpion attacks as you move away! The scorpion closely misses you.
A hound comes into view.
You block the scorpion's attack. The scorpion attacks as you move away!
You block the scorpion's attack. The scorpion attacks as you move away!
The scorpion completely misses you.
The orc priest invokes the aid of Beogh against you.
Beogh smites you!
* * * LOW HITPOINT WARNING * * *
The scorpion stings you!
* * * LOW HITPOINT WARNING * * *
The scorpion attacks as you move away! You block the scorpion's attack.
The scorpion attacks as you move away! The scorpion closely misses you.
The ice beast attacks as you move away! You block the ice beast's attack.
The ice beast attacks as you move away! You block the ice beast's attack.
The ice beast attacks as you move away! The ice beast hits you.
* * * LOW HITPOINT WARNING * * *
The ice beast freezes you. You resist.
* * * LOW HITPOINT WARNING * * *
The scorpion stings you!
You die...

.... #.# #.. ...####..
....###.......
......#.......
.............##
#.............#
#............# ###
#....h.os@...#
≈≈≈####.....{nY....##
≈≈..........l......#
....#.............# #..
##......l.......##
..###.................
..........K..........##
.........o.........###
#####...............#


You could see Pikel, an ice beast, a necrophage, a scorpion, 2 iguanas, a hound,
an orc priest and an orc.

Vanquished Creatures
  An ice beast (D:6)
  An ogre (D:5)
  A centaur (D:5)
  2 scorpions
  An orc priest (D:4)
  Jessica (D:3)
  An iguana (D:4)
  6 adders
  An ufetubus (D:5)
  2 worms
  2 dart slugs (D:4)
  16 orcs
  6 ball pythons
  5 bats
  7 endoplasms
  4 giant cockroaches
  5 goblins
  6 hobgoblins
  7 jackals
  4 quokkas
  3 frilled lizards (D:1)
  5 kobolds
  3 rats
90 creatures vanquished.

Notes
Turn   | Place    | Note
-------+----------+-------------------------------------------
     0 | D:1      | wormed the Gnoll Monk began the quest for the Orb.
     0 | D:1      | Reached XP level 1. HP: 23/23 MP: 1/1
   108 | D:1      | Reached XP level 2. HP: 29/29 MP: 2/2
   696 | D:1      | Reached XP level 3. HP: 27/35 MP: 3/3
   817 | D:1      | Found a faded altar of an unknown god.
  1240 | D:2      | Reached skill level 1 in Invocations
  1443 | D:2      | Reached skill level 1 in Short Blades
  1443 | D:2      | Reached skill level 1 in Axes
  1443 | D:2      | Reached skill level 1 in Maces & Flails
  1443 | D:2      | Reached skill level 1 in Polearms
  1443 | D:2      | Reached skill level 1 in Staves
  1443 | D:2      | Reached skill level 1 in Ranged Weapons
  1443 | D:2      | Reached skill level 1 in Throwing
  1443 | D:2      | Reached skill level 1 in Armour
  1443 | D:2      | Reached skill level 1 in Shields
  1443 | D:2      | Reached skill level 1 in Unarmed Combat
  1443 | D:2      | Reached skill level 1 in Spellcasting
  1443 | D:2      | Reached skill level 1 in Evocations
  1741 | D:2      | Reached XP level 4. HP: 40/41 MP: 5/5
  2017 | D:3      | Found a snail-covered altar of Cheibriados.
  2030 | D:3      | Found a hazy altar of Hepliaklqana.
  2095 | D:3      | Reached skill level 1 in Conjurations
  2095 | D:3      | Reached skill level 1 in Hexes
  2095 | D:3      | Reached skill level 1 in Summonings
  2095 | D:3      | Reached skill level 1 in Necromancy
  2095 | D:3      | Reached skill level 1 in Translocations
  2095 | D:3      | Reached skill level 1 in Transmutations
  2095 | D:3      | Reached skill level 1 in Fire Magic
  2095 | D:3      | Reached skill level 1 in Ice Magic
  2095 | D:3      | Reached skill level 1 in Air Magic
  2095 | D:3      | Reached skill level 1 in Earth Magic
  2095 | D:3      | Reached skill level 1 in Poison Magic
  2151 | D:3      | Found a runed translucent gate.
  2152 | D:3      | Found a runed translucent gate.
  2153 | D:3      | Found a runed translucent gate.
  2161 | D:3      | Noticed wormed's ghost (amateur GnWn)
  2216 | D:3      | Noticed Jessica
  2380 | D:3      | Found Witami Imyn's Antique Armour Shoppe.
  2563 | D:3      | Killed Jessica
  2564 | D:3      | Reached XP level 5. HP: 46/47 MP: 5/7
  2642 | D:3      | Found a shimmering altar of Xom.
  3869 | D:4      | Reached XP level 6. HP: 47/53 MP: 8/8
  4311 | D:5      | Entered Level 5 of the Dungeon
  4939 | D:5      | Reached XP level 7. HP: 50/60 MP: 10/10
  5013 | D:5      | Noticed Eustachio
  5108 | D:6      | Found a staircase to the Ecumenical Temple.
  5143 | D:6      | Reached skill level 5 in Stealth
  5146 | Temple   | Entered the Ecumenical Temple
  5447 | Temple   | Became a worshipper of Warmaster Okawaru
  5447 | Temple   | Reached * piety under Okawaru
  5447 | Temple   | Reached ** piety under Okawaru
  5464 | D:6      | Noticed Pikel
  5519 | D:6      | Slain by a scorpion

Illustrated notes

Levels and vault maps discovered:
D:1:      scummos_arrival_gate, layout_basic,
          chequers_ecumenical_altar_simple_redux
D:2:      layout_loops_cross
D:3:      layout_basic, mainiacjoe_overflow_24_doors,
          mainiacjoe_overflow_large_starburst, serial_shops,
          nicolae_shop_temple_entry_statues_fountains,
          ebering_ghost_rock_garden, kennysheep_generic_room_6, uniq_jessica
D:4:      layout_gridville, minmay_misc_feat_room
D:5:      layout_basic, minivault_11, dreamdust_princess_bridge, uniq_eustachio
D:6:      layout_layer_cave, minmay_temple_entry_ruins,
          nicolae_wooded_promenade, uniq_pikel
Temple:   hellmonk_temple_flake

Skill      XL: |  1  2  3  4  5  6  7 |
---------------+----------------------+-----
Invocations    | 1 2 |  2.9
Short Blades   | 1 2 |  2.6
Axes           | 1 2 |  2.6
Maces & Flails | 1 2 |  2.6
Polearms       | 1 2 |  2.6
Staves         | 1 2 |  2.6
Ranged Weapons | 1 2 |  2.6
Throwing       | 1 2 |  2.6
Armour         | 1 2 |  2.6
Shields        | 1 2 |  2.6
Unarmed Combat | 1 2 |  2.6
Spellcasting   | 1 2 |  2.6
Evocations     | 1 2 |  2.6
Conjurations   | 1 2 |  2.1
Hexes          | 1 2 |  2.1
Summonings     | 1 2 |  2.1
Necromancy     | 1 2 |  2.1
Translocations | 1 2 |  2.1
Transmutations | 1 2 |  2.1
Fire Magic     | 1 2 |  2.1
Ice Magic      | 1 2 |  2.1
Air Magic      | 1 2 |  2.1
Earth Magic    | 1 2 |  2.1
Poison Magic   | 1 2 |  2.1
Fighting       | 7 |  7.1
Long Blades    | 7 |  7.1
Dodging        | 7 |  7.1
Stealth        | 5 |  5.0

Action                   |  1- 3 |  4- 6 |  7- 9 || total
-------------------------+-------+-------+-------++-------
Melee: Falchion          |   101 |    84 |       ||   185
       Bite              |     8 |    17 |     6 ||    31
       Punch             |       |     1 |       ||     1
       Dagger            |       |   113 |    29 ||   142
Throw: Dart              |       |    12 |       ||    12
 Stab: Sleeping          |    10 |     6 |       ||    16
Armor: Robe              |     2 |       |       ||     2
       Leather armour    |    26 |    11 |     3 ||    40
       Skin              |       |     4 |       ||     4
Dodge: Dodged            |    71 |    75 |    21 ||   167
Block: Other             |    10 |    11 |       ||    21
       Buckler           |       |    38 |    17 ||    55
